Map: Prion Terraces

Players

Zwim - Winner!

  • Race: Protoss Protoss
  • League: Silver

Novawulfen

  • Race: Terran Terran
  • League: Gold

VOD

Have the link to the VOD?

Description

Time

  • Played on: Nov. 15, 2015, 6:06 a.m.
  • Length: 9:55
Show
View Real Time Build Order
Export as new Build Order

Zwim Protoss - Winner!

Build Orders: Blink Stalkers 

Get SALT Encoding   

  12  0:01  Probe (Chrono Boost)  
  13  0:15  Pylon  
  13  0:18  Probe (Chrono Boost)  
  15  0:28  Probe (Chrono Boost)  
  15  0:33  Gateway  
  15  0:39  Probe (Chrono Boost)  
  16  0:47  Assimilator  
  17  0:50  Probe (Chrono Boost)  
  17  0:57  Pylon  
  17  1:00  Probe (Chrono Boost)  
  18  1:11  Probe (Chrono Boost)  
  19  1:18  Assimilator  
  19  1:20  Cybernetics Core  
  19  1:23  Probe (Chrono Boost)  
  20  1:49  Nexus  
  20  1:57  Mothership Core (Chrono Boost)  
  22  2:03  Adept (Chrono Boost)  
  24  2:14  Warp Gate (Chrono Boost)  
  24  2:34  Probe  
  25  2:47  Probe  
  26  2:59  Adept (Chrono Boost)  
  26  3:00  Probe  
  26  3:03  Robotics Facility  
  26  3:04  Pylon  
  29  3:08  Probe  
  29  3:12  Probe  
  31  3:19  Probe  
  31  3:23  Twilight Council  
  31  3:26  Gateway  
  32  3:27  Probe  
  32  3:29  Probe  
  34  3:39  Probe  
  34  3:40  Probe  
  36  3:51  Pylon  
  36  3:53  Probe, Pylon  
  36  3:54  Probe  
  38  3:57  Assimilator  
  38  4:01  Assimilator  
  38  4:02  Blink (Chrono Boost)  
  38  4:23  Probe, Observer  
  39  4:24  Probe  
  41  4:34  Probe  
  41  4:36  Probe  
  43  4:44  Observer  
  44  4:51  Stalker x2  
  48  4:58  Probe  
  48  4:59  Probe  
  50  5:18  Stalker x2  
  54  5:23  Immortal  
  54  5:26  Probe  
  54  5:28  Probe  
  58  5:39  Probe  
  58  5:41  Probe  
  60  5:49  Pylon  
  60  5:52  Pylon  
  60  5:55  Gateway  
  60  5:57  Gateway  
  60  6:00  Gateway  
  60  6:03  Gateway  
  60  6:04  Pylon  
  60  6:06  Robotics Bay  
  60  6:11  Probe  
  60  6:13  Probe  
  60  6:15  Pylon  
  62  6:22  Immortal (Chrono Boost)  
  66  6:25  Sentry  
  66  6:26  Stalker  
  70  6:36  Pylon  
  70  6:40  Forge  
  70  6:43  Charge (Chrono Boost)  
  70  6:57  Observer Gravitic Boosters (Chrono Boost)  
  70  6:58  Disruptor  
  73  7:04  Probe  
  73  7:05  Probe  
  73  7:08  Stalker x3  
  77  7:09  Stalker  
  77  7:10  Stalker  
  77  7:11  Stalker  
  87  7:48  Protoss Ground Weapons Level 1 (Chrono Boost)  
  87  7:49  Disruptor (Chrono Boost)  
  90  7:52  Zealot x3  
  90  7:53  Stalker x2  
  90  7:54  Stalker  
  102  8:13  Stalker  
  102  8:14  Zealot x2  
  108  8:30  Forge  
  108  8:37  Pylon  
  108  8:39  Pylon  
  108  8:54  Dark Shrine  
  108  8:55  Probe, Disruptor  
  108  8:56  Templar Archives, Probe  
  113  9:08  Probe  
Show
View Real Time Build Order
Export as new Build Order

Novawulfen Terran 

Build Orders: Reaper Expand, MMM Bio 

Get SALT Encoding   

  12  0:01  SCV  
  13  0:13  SCV  
  14  0:20  Supply Depot  
  14  0:27  SCV  
  15  0:42  SCV  
  16  0:43  Barracks  
  16  0:46  Refinery  
  16  0:54  SCV  
  17  1:06  SCV  
  19  1:18  SCV  
  19  1:32  Reaper  
  20  1:39  Command Center  
  20  1:41  Orbital Command  
  20  2:10  SCV, Factory  
  20  2:13  Marine  
  22  2:22  SCV  
  23  2:27  Bunker  
  23  2:51  SCV, Marine  
  23  2:56  Widow Mine  
  23  2:57  Starport  
  27  3:00  Supply Depot  
  27  3:01  Supply Depot, Orbital Command  
  27  3:03  SCV  
  28  3:13  Supply Depot  
  28  3:15  SCV  
  29  3:20  Barracks Tech Lab  
  29  3:23  Supply Depot  
  29  3:27  SCV  
  29  3:28  SCV  
  31  3:40  SCV, Refinery  
  32  3:41  SCV  
  32  3:42  Widow Mine  
  32  3:47  Medivac  
  32  3:48  Refinery  
  37  4:01  SCV x2  
  37  4:02  Marauder  
  41  4:09  Engineering Bay  
  41  4:14  SCV  
  41  4:15  SCV  
  43  4:23  Barracks, Marine  
  43  4:24  Barracks  
  43  4:38  SCV x2  
  44  4:41  Marauder  
  44  4:43  Medivac, Widow Mine  
  44  4:45  Barracks  
  51  4:46  Barracks  
  51  4:49  Missile Turret  
  51  4:52  SCV x2  
  53  4:55  Supply Depot  
  53  5:04  SCV  
  54  5:07  SCV, Marine  
  54  5:11  Barracks Reactor, Barracks Tech Lab  
  56  5:15  Widow Mine  
  58  5:22  SCV x2  
  60  5:34  SCV x2  
  58  5:41  Marauder x2  
  58  5:42  Barracks Reactor, Barracks Tech Lab  
  62  5:46  SCV  
  63  5:51  Missile Turret  
  63  5:55  Command Center  
  63  5:56  SCV, Refinery  
  64  5:57  Marine  
  64  5:58  SCV  
  64  6:02  Marauder  
  66  6:05  Marauder x2  
  66  6:06  Factory Reactor  
  66  6:08  SCV  
  66  6:10  SCV  
  72  6:15  Marine x2  
  74  6:19  Stimpack  
  74  6:23  Starport Reactor  
  74  6:24  Marauder  
  76  6:26  Marine  
  77  6:34  Supply Depot  
  77  6:35  Supply Depot  
  77  6:36  SCV  
  78  6:41  SCV, Marauder, Marine x4  
  78  6:44  Marine  
  78  6:46  Terran Infantry Weapons Level 1  
  86  6:49  Supply Depot  
  86  6:57  SCV x2  
  86  7:01  Marauder, Marine x4  
  92  7:02  Marauder, Marine  
  97  7:16  SCV x2  
  99  7:24  Marauder, Marine x2  
  99  7:25  Marine x2, Widow Mine x2, Marauder x2  
  99  7:28  Combat Shields, Concussive Shells  
  113  7:30  SCV  
  113  7:31  SCV  
  115  7:42  Marine  
  116  7:46  Marauder  
  118  7:56  SCV x2  
  118  7:57  Marauder x2, Marine  
  125  8:03  Missile Turret  
  125  8:23  Supply Depot  
  125  8:24  Supply Depot x2  
  125  8:25  Supply Depot  
  125  8:29  Planetary Fortress  
  125  8:45  SCV x2, Widow Mine x2, Medivac x2, Marine x5  
  125  8:46  Marauder x2  
  144  8:50  Armory  
  144  8:51  Supply Depot  
  144  8:53  Supply Depot  
  144  8:54  Supply Depot  
  144  8:57  SCV x2  
  146  9:02  Marine  
  146  9:03  Marauder  
  146  9:07  Marauder x2  
  153  9:14  SCV x2  
  98  9:39  Engineering Bay  
Tags
 
Add a new tag
Caveats
  • Supply blocks, unpowered buildings, or Contaminate may cause inaccurate times.
  • Supply counts are checked every 10 seconds.